AoeStats
← MUSLIM G0 H0M3

Four Lakes

507208611Analyzed
1v1 RM · 16d ago on Sep 17, 2026· 30m 46s· 2 players
Game mode
Random Map
Map size
Tiny (2 player)
Population
200
Speed
Normal
Resources
Standard
Victory
Conquest
Starting age
Dark Age
Ending age
Imperial Age
RankedLock teamsTeams togetherTeam positionsShared explorationLock speedFull tech treeHidden civsTurbo modeCheats
Victory
Defeat
🇦🇷 Magyars · Argentina
927
+15
🇨🇴 Huns · Colombia
900
-15
opkayle79
9:20 Feudal Age
9:53 Double-Bit Axe
10:23 Loom
17:56 Castle Age
17:18 Scale Barding Armor
17:47 Bloodlines
18:32 Forging
20:12 Wheelbarrow
24:58 Husbandry
28:06 Iron Casting
30:35 Hand Cart
30:06 Town Watch
MUSLIM G0 H0M3
10:32 Feudal Age
8:50 Loom
10:35 Feudal Age
15:56 Town Watch
16:46 Wheelbarrow
19:41 Castle Age
18:40 Scale Barding Armor
21:05 Chain Barding Armor
22:48 Bloodlines
22:38 Husbandry
22:47 Husbandry
25:18 Double-Bit Axe
25:13 Horse Collar
Connection lost

Rejoining the realm…

Still unreachable

The connection could not be restored.

Session expired

The server has moved on; the page needs a fresh start.